Unix NetHack Version 3.7.0-102 Work-in-progress - last build Apr 6 2024 13:22:21 (d302a6a9ff6341f1a922d8f5af178406b35fdf99,branch:master). Game began 2024-04-08 08:02:47, ended 2024-04-09 11:06:20. xororand, neutral male human Priest -------------------- ------------ |.....0.*...........| ...........| |...................| |...............| .. |...............<...| |.....). ....| ...-----...-----...-----...| -...----- |...|. |...........| ......| ...| ......./.| |...... |...........|...>...| ... .......)`| |.....Hq| |......0....|.......| . .....`...| |..0..c@| ...--------|...--------- -------- ---- ---- ..| |...|.......| |...|.......| ... |...|.......| ... |...|...|...---------...| |.......|................. |*......|..........)./.... |.......|0..^.....*....... ------------------------- Xororand the Priest St:18/02 Dx:16 Co:16 In:11 Wi:18 Ch:10 Neutral S:114022 Dlvl:23 $:375 HP:0(74) Pw:4(133) AC:-18 Xp:12/25660 T:16831 Latest messages: The minotaur misses! What do you want to use or apply? [dg-ikmnpqstwxzCFGLRUWX or ?*] w You produce a strange whistling sound. Two creatures appear. The minotaur hits! The minotaur hits again! The minotaur butts! You hit the minotaur! The minotaur hits! The minotaur hits again! The minotaur butts! What do you want to write with? [- adghmrtuyACDFGIKLWXZ or ?*] ? What do you want to write with? [- adghmrtuyACDFGIKLWXZ or ?*] Never mind. What do you want to write with? [- adghmrtuyACDFGIKLWXZ or ?*] ? You engrave in the floor with a wand of digging. What do you want to engrave in the floor here? Elbereth Gravel flies up from the floor. Something is engraved here on the floor. You read: "Elbereth". You see no objects here. The minotaur hits! You stop searching. The minotaur misses! The minotaur butts! What do you want to use or apply? [dg-ikmnpqstwxzCFGLRUWX or ?*] w You produce a strange whistling sound. Your snake shifts location and your pyrolisk appears. What do you want to wield? [- apzZ or ?*] a You are already wielding that! Something is engraved here on the floor. You read: "Elbereth". You see no objects here. Something is engraved here on the floor. You read: "Elbereth". You see no objects here. You already found a monster. Use 'm' prefix to force another search. You already found a monster. Use 'm' prefix to force another search. In what direction? . You feel better. The titanothere turns to flee. The minotaur hits! The minotaur hits again! The minotaur butts! You die... Do you want your possessions identified? [ynq] (y) n Do you want to see your attributes? [ynq] (y) n Do you want an account of creatures vanquished? [ynaq] (y) n Do you want to see your conduct and achievements? [ynq] (y) n Do you want to see the dungeon overview? [ynq] (y) n Inventory: Coins $ - 375 gold pieces Amulets E - a blessed amulet of reflection (being worn) Weapons Z - 9 blessed +2 darts a - a blessed +5 mace (weapon in right hand) Armor e - a blessed +1 elven leather helm (being worn) j - a +1 pair of gauntlets of dexterity (being worn) S - a +0 pair of levitation boots o - a blessed fireproof +0 pair of speed boots (being worn) c - a blessed +0 small shield (being worn) b - a blessed fireproof +3 robe (being worn) O - a blessed +2 gray dragon scale mail (being worn) Rings u - a ring of cold resistance K - a ring of conflict D - a blessed +1 ring of increase damage (on left hand) A - a blessed +2 ring of protection (on right hand) r - a blessed ring of regeneration y - a ring of teleport control Wands C - a wand of create monster (0:3) W - a wand of digging (0:6) t - a wand of digging (0:2) h - a wand of light (0:9) g - a cursed wand of magic missile (0:1) m - a wand of make invisible (0:6) d - a wand of secret door detection (0:9) F - a wand of speed monster (0:6) X - a wand of speed monster (0:5) G - a wand of striking (0:1) L - a wand of teleportation (0:0) Tools x - a blessed bag of holding containing 85 items R - an empty bag of holding n - an empty sack U - an empty sack i - a bugle q - a blindfold s - a brass lantern w - a magic whistle p - a blessed +0 pick-axe k - a skeleton key z - a blessed +0 unicorn horn Gems/Stones I - a worthless piece of red glass Contents of the bag of holding: 6817 gold pieces 13 +1 darts a blessed +1 mummy wrapping 4 slime molds 4 apples 2 candy bars labeled "Fruity Oaty" a carrot a clove of garlic 8 food rations 7 fortune cookies 5 kelp fronds a pancake a sprig of wolfsbane 8 tripe rations 2 tins of gecko meat a tin of smoked newt meat a tin of troll meat a lizard corpse a blessed scroll of earth 2 scrolls of earth a scroll of amnesia 4 blessed scrolls of blank paper 4 cursed scrolls of blank paper 2 blessed scrolls of confuse monster a scroll of confuse monster a blessed scroll of create monster a scroll of gold detection a scroll of light 2 scrolls of magic mapping a cursed scroll of magic mapping 2 scrolls of scare monster 5 scrolls of teleportation a cursed scroll of teleportation a blessed spellbook of cure blindness a spellbook of healing a blessed spellbook of stone to flesh a potion of blindness a potion of booze a blessed potion of confusion a blessed potion of hallucination a blessed potion of levitation a potion of object detection a potion of restore ability 9 potions of holy water 3 potions of water a ring of regeneration a ring of stealth a ring of sustain ability a ring of warning a ring of warning a wand of create monster (0:15) a wand of create monster (0:0) a wand of digging (0:6) a wand of digging (0:6) a wand of digging (0:4) a wand of digging (0:8) a wand of secret door detection (0:11) a wand of sleep (0:2) a wand of slow monster (0:5) a wand of striking (0:2) a tallow candle a wax candle a blessed magic marker (0:3) a magic marker (0:1) a tinning kit (0:93) a black opal 5 worthless pieces of black glass 2 fluorite stones a sapphire 4 worthless pieces of blue glass 4 emeralds 8 worthless pieces of green glass a jacinth stone 4 rubies 2 worthless pieces of violet glass 4 amethyst stones a diamond an opal 3 worthless pieces of yellow glass a worthless piece of yellowish brown glass 2 topaz stones an obsidian stone 6 worthless pieces of red glass a touchstone a flint stone Xororand the Priest's attributes: Background: You were a Priest, level 12 human. You were neutral, on a mission for Venus who was opposed by Mercury (lawful) and Mars (chaotic). You were right-handed. You were in the Dungeons of Doom, on level 23. You entered the dungeon 16831 turns ago. There was a new moon in effect when your adventure ended. You had 25660 experience points, 14340 more were needed to attain level 13. Your score was 114022 before end-of-game adjustments. Basics: You had 0 out of 74 hit points. You had 4 out of 133 energy points (spell power). Your armor class was -18. Your wallet contained 375 zorkmids, and you had 6817 more stashed away in your pack. Autopickup was off. Final Characteristics: Your strength was 18/02 (limit:18/100). Your dexterity was 16 (base:15, peak:16, limit:18). Your constitution was 16 (limit:18). Your intelligence was 11 (limit:18). Your wisdom was 18 (limit:18). Your charisma was 10 (limit:18). Final Status: You weren't hungry. You were unencumbered. You were wielding a mace. You had expert skill with mace. Final Attributes: You were piously aligned. You were magic-protected. You were fire resistant. You were cold resistant. You were sleep resistant. You were poison resistant. You were telepathic. You had a small damage bonus (+1). You had a moderate defense bonus (+6). You were protected. You were very fast. You had reflection. You are dead. Miscellaneous: You never encountered a bones level. Total elapsed playing time was 4 hours, 28 minutes and 24 seconds. Major events: Turn 1: xororand the neutral human Priest entered the dungeon 776: attained the rank of Acolyte (level 3) 1618: attained the rank of Adept (level 6) 2228: entered Sokoban 2473: completed 1st Sokoban level 2808: completed 2nd Sokoban level 3158: completed 3rd Sokoban level 4474: completed 4th Sokoban level 5258: acquired the Sokoban amulet of reflection 6276: entered the Gnomish Mines 6676: reached Mine Town 7209: made his first wish - "blessed fixed +2 gray dragon scale mail", got "a blessed gray dragon scale mail" 8529: attained the rank of Priest (level 10) 16417: killed Medusa 16831: killed by a minotaur Vanquished creatures: Medusa a hell hound 2 titanotheres a nurse an ettin 4 vampires a lieutenant a ghost a winged gargoyle 3 giant mimics 2 zruties 2 ogre tyrants 2 ice trolls a doppelganger 2 large mimics a couatl a stalker 2 earth elementals 2 water elementals a giant mummy a xorn a giant zombie a sergeant 3 water demons a salamander 3 small mimics 2 warhorses 5 xans 2 ettin mummies an ogre leader 3 quantum mechanics 5 trolls a gelatinous cube 4 freezing spheres 2 flaming spheres 2 shocking spheres a tiger 3 gargoyles a dwarf ruler 2 tengu an ochre jelly 2 energy vortices 2 mountain centaurs an elf mummy a python a pit viper 3 wraiths 2 carnivorous apes an ettin zombie a leather golem 6 Grey-elves 3 watchmen 4 chameleons 2 giant beetles 4 cockatrices 2 wolves a winter wolf cub a lynx 2 panthers 3 gremlins a spotted jelly 22 leprechauns 6 orc-captains 4 iron piercers 5 giant spiders 2 scorpions a horse 5 ice vortices 4 vampire bats 7 forest centaurs 6 gnome rulers a dwarf mummy 3 ogres 2 rust monsters 2 owlbears a gold golem a werewolf a Green-elf 5 lizards 3 chickatrices a housecat 3 dwarf leaders 2 white unicorns 2 gray unicorns 2 black unicorns 2 dust vortices 21 ravens 7 plains centaurs 4 gnome mummies a snake a water moccasin an ape 10 human zombies 2 Woodland-elves 8 soldier ants 66 fire ants 24 bugbears 2 imps 2 quasits 4 wood nymphs 6 water nymphs a mountain nymph 11 Mordor orcs 22 Uruk-hai an orc shaman a rock piercer 3 rock moles a pony 4 fog clouds 5 yellow lights a shrieker 3 violet fungi 21 gnome leaders 10 gnomish wizards 7 kobold mummies a golden naga hatchling 3 gray oozes a barrow wight 4 elf zombies a ghoul a straw golem a paper golem 11 giant ants a little dog 12 floating eyes 25 dwarves 3 homunculi 3 kobold leaders 2 kobold shamans 6 hill orcs 3 rothes a rabid rat 2 giant bats 3 orc zombies 5 dwarf zombies a wererat 2 werejackals 5 iguanas 10 killer bees a coyote 3 gas spores 3 hobbits a manes 3 large kobolds 22 hobgoblins 7 giant rats 6 cave spiders 2 brown molds 2 yellow molds a red mold 58 gnomes 3 gnome zombies 4 geckos 6 jackals 2 foxes a kobold 4 goblins 4 sewer rats 13 grid bugs 2 bats 6 lichens a kobold zombie 8 newts 733 creatures vanquished. No species were genocided or became extinct. Voluntary challenges: You read items or engraved 63 times. You engraved Elbereth 7 times. You never genocided any monsters. You never polymorphed an object. You never changed form. You used 1 wish. You did not wish for any artifacts. You violated the special Sokoban rules thrice. Achievements: You entered a shop. You attained the rank of Acolyte. You attained the rank of Adept. You entered Sokoban. You completed Sokoban. You entered the Gnomish Mines. You entered Minetown. You entered a temple. You attained the rank of Priest. You defeated Medusa. The Dungeons of Doom: levels 1 to 23 Level 1: A fountain. Level 2: Some fountains. Level 3: Level 4: A fountain, a grave. Stairs down to The Gnomish Mines. Level 5: Level 6: Some fountains. Oracle of Delphi. Level 7: Stairs up to Sokoban, level 6. Level 8: Level 9: Level 10: Level 11: Level 12: A sink. Summoned by the Arch Priest. Portal to The Quest. Level 13: Level 14: A sink. Level 15: A fountain. Level 16: A primitive area. Level 17: A temple and many altars. Level 18: Some altars, many graves. Level 19: Level 20: Level 21: Level 22: Many trees. Level 23: <- You were here. Final resting place for you, killed by a minotaur. The Gnomish Mines: levels 5 to 12 Level 5: Level 6: Level 7: Level 8: A shop, a temple and an altar, many fountains. Level 9: Level 10: Level 11: Level 12: A fountain. The Quest: Level 1: Many trees. Home. Sokoban: levels 6 up to 3 Level 3: Solved. Level 4: Solved. Level 5: Solved. Level 6: Solved. Game over: ---------- / \ / REST \ / IN \ / PEACE \ / \ | xororand | | 7192 Au | | killed by a | | minotaur | | | | | | 2024 | *| * * * | * _________)/\\_//(\/(/\)/\//\/|_)_______ Goodbye xororand the Priest... You died in The Dungeons of Doom on dungeon level 23 with 113303 points, and 7192 pieces of gold, after 16831 moves. You were level 12 with a maximum of 74 hit points when you died.